 Dungeon Crawl Stone Soup version 0.25-a0-860-gf695395b5c (webtiles) character file.

Game seed: 9419354539275905726, levelgen mode: deterministic

711656 Haldmier the Conqueror (level 27, -13/249 HPs)
             Began as a Merfolk Ice Elementalist on Apr 25, 2020.
             Was the Champion of Ashenzari.
             Mangled by an Orb Guardian (37 damage)
             ... on level 5 of the Realm of Zot on Apr 27, 2020.
             The game lasted 07:43:11 (79189 turns).

Haldmier the Conqueror (Merfolk Ice Elementalist)  Turns: 79189, Time: 07:43:12

Health: -13/249    AC: 11    Str:  9    XL:     27
Magic:  1/37       EV: 32    Int: 25    God:    Ashenzari [******]
Gold:   4984       SH: 22    Dex: 16    Spells: 5/46 levels left

rFire    + + +     SeeInvis +   f - +7 demon trident (elec) (curse)
rCold    + + .     Gourm    .   K - +5 kite shield {rN+} (curse)
rNeg     + + +     Faith    .   h - +2 troll leather armour of Faloef {+Inv rPois MR+ Regen+} (curse)
rPois    +         Spirit   .   o - +0 mask of the Dragon {MR+ Slay+3 SInv} (curse)
rElec    +         Reflect  +   U - scarf {rC+ rF+} (curse)
rCorr    +         Harm     .   C - +3 pair of gauntlets of War {Slay+5} (curse)
MR       +++++     Clarity  +   w - +0 pair of boots of the Other Side {rPois rCorr Stlth+} (curse)
Stlth    ++++......             X - amulet of Gozag's Inspiration {Reflect *Drain rF- rN++ Int+4 SH+4} (curse)
HPRegen  0.91/turn              d - ring of the Original Sin {rF+ rC+} (curse)
MPRegen  0.25/turn              S - ring of Imuyweiss {rElec rPois rF+ MR+ Stlth-}

@: hasted and slowed, studying Polearms
A: change form in water, swift swim, stealthy swim, dopey 1, fire resistance 1,
weak 1, subdued magic 1
}: 3/15 runes: decaying, serpentine, silver
a: Curse Item, Scrying, Transfer Knowledge, Renounce Religion, Evoke
Invisibility


You were on level 5 of the Realm of Zot.
You worshipped Ashenzari.
Ashenzari was exalted by your worship.
You were hungry.

You visited 11 branches of the dungeon, and saw 53 of its levels.
You also visited: Ice Cave and Volcano.

You collected 10479 gold pieces.
You spent 5495 gold pieces at shops.

Inventory:

Hand Weapons
 f - a cursed +7 demon trident of electrocution (weapon)
Missiles
 H - a throwing net
 J - 21 boomerangs (quivered)
Armour
 h - the cursed +2 troll leather armour of Faloef (worn) {+Inv rPois MR+ Regen+}
   (You found it on level 6 of the Lair of Beasts)

   It protects you from poison.
   It affects your resistance to hostile enchantments.
   It lets you turn invisible.
   It increases your rate of regeneration.
   It has a curse placed upon it.
 o - the cursed +0 mask of the Dragon (worn) {MR+ Slay+3 SInv}
   (You found it in an ice cave)

   It affects your accuracy and damage with ranged weapons and melee attacks
   (+3).
   It affects your resistance to hostile enchantments.
   It lets you see invisible.
   It has a curse placed upon it.
 w - the cursed +0 pair of boots of the Other Side (worn) {rPois rCorr Stlth+}
   (You acquired it on level 2 of the Orcish Mines)

   It protects you from poison.
   It provides partial protection from all sources of acid and corrosion.
   It makes you more stealthy.
   It has a curse placed upon it.
 C - the cursed +3 pair of gauntlets of War (worn) {Slay+5}
   (You bought it in a shop on level 3 of the Vaults)

   It affects your accuracy and damage with ranged weapons and melee attacks
   (+5).
   It has a curse placed upon it.
 K - a cursed +5 kite shield of positive energy (worn)
 U - a cursed scarf of resistance (worn)
Jewellery
 d - the cursed ring of the Original Sin (left hand) {rF+ rC+}
   (You bought it in a shop on level 2 of the Vaults)

   [ring of protection from cold]

   It protects you from fire.
   It protects you from cold.
   It has a curse placed upon it.
 n - the ring of the Mage {Wiz MR++ Int+3}
   (You bought it in a shop on level 2 of the Vaults)

   [ring of wizardry]

   It improves your spell success rate.
   It affects your intelligence (+3).
   It affects your resistance to hostile enchantments.
 q - an uncursed ring of ice
 t - a +4 ring of slaying
 G - the ring "Uffi Jeacweh" {rElec rN+ Int+3 Dex+3}
   (You took it off a frost giant on level 5 of the Vaults)

   [ring of positive energy]

   It affects your intelligence (+3).
   It affects your dexterity (+3).
   It insulates you from electricity.
   It protects you from negative energy.
 S - the ring of Imuyweiss (right hand) {rElec rPois rF+ MR+ Stlth-}
   (You took it off a deep elf high priest on level 3 of the Elven Halls)

   [ring of poison resistance]

   It protects you from fire.
   It insulates you from electricity.
   It protects you from poison.
   It affects your resistance to hostile enchantments.
   It makes you less stealthy.
 X - the cursed amulet of Gozag's Inspiration (around neck) {Reflect *Drain rF- rN++ Int+4 SH+4}
   (You bought it in a shop on level 2 of the Vaults)

   [amulet of reflection]

   It shields you and reflects attacks.
   It affects your intelligence (+4).
   It makes you vulnerable to fire.
   It greatly protects you from negative energy.
   It causes draining when unequipped.
   It affects your SH (+4).
   It has a curse placed upon it.
Wands
 v - a wand of digging (15)
 y - a wand of clouds (5)
 B - a wand of polymorph (30)
 D - a wand of acid (77)
 E - a wand of paralysis (25)
Scrolls
 j - 8 scrolls of amnesia
 k - 24 scrolls of remove curse
 l - 10 scrolls of enchant armour
 p - 35 scrolls of teleportation
 s - 3 scrolls of blinking
 F - 16 scrolls of fog
 I - 40 scrolls of identify
 O - 5 scrolls of silence
 P - 6 scrolls of magic mapping
 R - 11 scrolls of fear
 V - a scroll of immolation
 W - a scroll of summoning
 Z - 4 scrolls of holy word
Potions
 a - 5 potions of berserk rage
 b - 7 potions of flight
 e - 5 potions of might
 g - 6 potions of magic
 i - 16 potions of curing
 r - 2 potions of cancellation
 x - 8 potions of brilliance
 z - 4 potions of resistance
 A - 2 potions of heal wounds
 L - 8 potions of stabbing
 M - 5 potions of mutation
 Q - 4 potions of ambrosia
 Y - 4 potions of invisibility
Books
 m - a manual of Polearms
Miscellaneous
 N - 5 phantom mirrors
 T - 5 tins of tremorstones
Comestibles
 c - 61 rations


   Skills:
 O Level 27 Fighting
 + Level 11.2(15.4) Polearms
 - Level 24.0(27) Dodging
 - Level 5.5(10.0) Stealth
 - Level 12.3(15.0) Shields
 - Level 10.0 Spellcasting
 - Level 9.1(12.0) Conjurations
 - Level 4.1(7.0) Hexes
 - Level 4.1(7.0) Charms
 - Level 8.0(11.0) Summonings
 + Level 15.0(17.5) Necromancy
 - Level 2.5(5.0) Translocations
 + Level 21.5(23.6) Transmutations
 - Level 25.0(27) Ice Magic
 - Level 6.9(10.0) Air Magic
 - Level 2.5(5.0) Evocations


You had 5 spell levels left.
You knew the following spells:

 Your Spells              Type           Power        Failure   Level  Hunger
a - Freeze                Ice            ####         0%          1    None
b - Ozocubu's Armour      Chrm/Ice       ######..     0%          3    None
c - Frozen Ramparts       Ice            ######       0%          3    None
d - Summon Ice Beast      Ice/Summ       ######..     0%          4    None
e - Hailstorm             Conj/Ice       ######..     0%          4    None
f - Freezing Cloud        Conj/Ice/Air   ######....   1%          6    #####..
g - Blink                 Tloc           N/A          1%          2    None
h - Aura of Abjuration    Summ           ######....   1%          5    ####...
i - Silence               Hex/Air        #####.....   4%          5    ####...
j - Necromutation         Tmut/Necr      ######....   8%          8    #######

Your spell library contained the following spells:

 Spells                   Type           Power        Failure   Level  Hunger
 Beastly Appendage        Tmut           ######       0%          1    None
 Pain                     Necr           ####         0%          1    None
 Ensorcelled Hibernation  Hex/Ice        ######       0%          2    None
 Sticks to Snakes         Tmut           #######.     0%          2    None
 Sublimation of Blood     Necr           ######....   0%          2    None
 Vampiric Draining        Necr           ######....   0%          3    None
 Ice Form                 Ice/Tmut       #######.     0%          4    None
 Blade Hands              Tmut           #######...   0%          5    ####...
 Apportation              Tloc           ####..       1%          1    None
 Corona                   Hex            #####..      1%          1    None
 Foxfire                  Conj/Fire      ####         1%          1    None
 Infusion                 Chrm           ####         1%          1    None
 Magic Dart               Conj           ####         1%          1    None
 Sting                    Tmut/Pois      ####         1%          1    None
 Summon Butterflies       Summ           ######..     1%          1    None
 Summon Small Mammal      Summ           ####         1%          1    None
 Call Imp                 Summ           ######..     1%          2    None
 Corpse Rot               Necr/Air       N/A          1%          2    None
 Passwall                 Tmut/Erth      ######..     1%          2    None
 Poisonous Vapours        Pois/Air       ####..       1%          2    None
 Shroud of Golubria       Chrm/Tloc      ####..       1%          2    None
 Slow                     Hex            #####...     1%          2    None
 Song of Slaying          Chrm           #####...     1%          2    None
 Call Canine Familiar     Summ           ######..     1%          3    None
 Confusing Touch          Hex            #####...     1%          3    None
 Conjure Flame            Conj/Fire      ####....     1%          3    None
 Dazzling Flash           Conj/Hex       #####.       1%          3    None
 Gell's Gravitas          Tloc           ####......   1%          3    None
 Ignite Poison            Fire/Tmut/Pois #####...     1%          3    None
 Lesser Beckoning         Tloc           ####......   1%          3    None
 Mephitic Cloud           Conj/Pois/Air  #####...     1%          3    None
 Recall                   Summ/Tloc      N/A          1%          3    None
 Spectral Weapon          Hex/Chrm       #####...     1%          3    None
 Spider Form              Tmut/Pois      ######....   1%          3    None
 Static Discharge         Conj/Air       ######..     1%          3    None
 Stone Arrow              Conj/Erth      ####..       1%          3    None
 Summon Guardian Golem    Hex/Summ       #####...     1%          3    None
 Tukima's Dance           Hex            #####...     1%          3    None
 Animate Dead             Necr           N/A          1%          4    None
 Dispel Undead            Necr           ######..     1%          4    None
 Petrify                  Tmut/Erth      ######..     1%          4    None
 Summon Lightning Spire   Summ/Air       ######..     1%          4    None
 Agony                    Necr           ######..     1%          5    ####...
 Alistair's Intoxication  Tmut/Pois      ######..     1%          5    ####...
 Excruciating Wounds      Chrm/Necr      ######....   1%          5    ####...
 Irradiate                Conj/Tmut      ######....   1%          5    ####...
 Lightning Bolt           Conj/Air       ######....   1%          5    ####...
 Metabolic Englaciation   Hex/Ice        ######....   1%          5    ####...
 Summon Demon             Summ           ######....   1%          5    ####...
 Yara's Violent Unravell  Hex/Tmut       ######....   1%          5    ####...
 Cause Fear               Hex            #####.....   2%          4    None
 Inner Flame              Hex/Fire       ###.....     3%          3    None
 Borgnjor's Vile Clutch   Necr/Erth      #####.....   3%          5    ####...
 Summon Mana Viper        Hex/Summ       #####...     3%          5    ####...
 Sandblast                Erth           ##....       4%          1    None
 Sticky Flame             Conj/Fire      ####....     4%          4    None
 Summon Forest            Summ/Tloc      #####.....   5%          5    ####...
 Fireball                 Conj/Fire      ####......   13%         5    ####...
 Olgreb's Toxic Radiance  Pois           ##......     47%         4    None
 Lee's Rapid Deconstruct  Erth           ##........   83%         5    ####...
 Ozocubu's Refrigeration  Ice            #######...   0%          6    #####..
 Death Channel            Necr           ######....   1%          6    #####..
 Hydra Form               Tmut           #######...   1%          6    #####..
 Simulacrum               Ice/Necr       #######...   1%          6    #####..
 Dragon Form              Tmut           #######...   1%          7    #######
 Eringya's Noxious Bog    Tmut/Pois      ######....   6%          6    #####..
 Statue Form              Tmut/Erth      ######...    6%          6    #####..
 Conjure Ball Lightning   Conj/Air       ######....   10%         6    #####..
 Shadow Creatures         Summ           N/A          10%         6    #####..
 Haunt                    Necr/Summ      ######....   14%         7    #######
 Borgnjor's Revivificati  Necr           ######....   28%         8    #######
 Infestation              Necr           ######....   28%         8    #######
 Spellforged Servitor     Conj/Summ      ######....   41%         7    #######
 Invisibility             Hex            #####...     47%         6    #####..
 Monstrous Menagerie      Summ           ######....   50%         7    #######
 Summon Greater Demon     Summ           ######....   50%         7    #######
 Summon Hydra             Summ           ######....   50%         7    #######
 Starburst                Conj/Fire      ####......   58%         6    #####..
 Malign Gateway           Summ/Tloc      #####.....   89%         7    #######
 Death's Door             Chrm/Necr      ######....   95%         8    #######
 Summon Horrible Things   Summ           ######....   99%         8    #######
 Ring of Flames           Chrm/Fire      ###.......   100%        7    #######
 Controlled Blink         Tloc           N/A          100%        8    #######
 Discord                  Hex            #####.....   100%        8    #######
 Ignition                 Fire           ##........   100%        8    #######
 Dragon's Call            Summ           ######....   100%        9    #######
 Shatter                  Erth           ##........   100%        9    #######
 Tornado                  Air            #####.....   100%        9    #######


Dungeon Overview and Level Annotations

Branches:
Dungeon (15/15)            Temple (1/1) D:5            Lair (6/6) D:11
  Swamp (4/4) Lair:3        Snake (4/4) Lair:4        Slime (0/5) Lair:5
    Orc (2/2) D:9             Elf (3/3) Orc:2        Vaults (5/5) D:14
  Crypt (3/3) Vaults:3       Tomb (0/3) Crypt:3      Depths (5/5) D:15
    Zot (5/5) Depths:5      IceCv (visited)         Volcano (visited)

Altars:
Ashenzari
Cheibriados
Dithmenos
Elyvilon
Fedhas
Gozag
Hepliaklqana
Kikubaaqudgha
Makhleb
Nemelex Xobeh
Okawaru
Qazlal
Ru
Sif Muna
Trog
Uskayaw
Vehumet
Wu Jian
Xom
Yredelemnul
Zin
The Shining One
Beogh
Lugonu

Shops:
D:8 (   D:10 [   D:12 %   Orc:1 }   Orc:2 [(:[   Elf:3 ?   Vaults:2 =
Vaults:3 =*?[[   Vaults:4 [   Depths:2 (   Depths:5 (

Portals:
Hell: Depths:1 Depths:2 Depths:3 Depths:4 Depths:5
Abyss: Depths:2 Depths:3 Depths:4
Pandemonium: Depths:3
Ziggurat: Depths:1
Trove: Vaults:4 (give 11 potions of heal wounds)

Annotations:
D:10 3 runed translucent doors, Sonja; pickledwalnut's ghost, journeyman OpTm
Lair:2 2 transporters, Esoasiq's ghost, journeyman DsGl
Vaults:1 3 runed translucent doors, Pofumik's ghost, veteran MiFi


Innate Abilities, Weirdness & Mutations

You revert to your normal form in water.
You are very nimble and swift while swimming.
You are very stealthy in the water. (Stealth+)
You are dopey. (Int -2)
Your flesh is heat resistant. (rF+)
You are weak. (Str -2)
Your spells are a little easier to cast, but a little less powerful.


Message History

Okay, then.
Press: ? - help, v - describe, . - travel, g - get item
Here: an Orb Guardian (severely wounded)
A +0 tower shield.
There is something else lying underneath.
The floor, spattered with blood.
You feel much better. The death cob misses you.
The Orb Guardian barely misses you. The ghost moth stares at you.
You block the Orb Guardian's attack.
The Orb Guardian hits you but does no damage.
You block the death cob's attack. The Orb Guardian hits you!!
* * * LOW HITPOINT WARNING * * *
The Orb Guardian misses you. The ghost moth stares at you.
You feel much better. You block the death cob's attack.
You block the Orb Guardian's attack. x2; The death cob hits you!!
* * * LOW HITPOINT WARNING * * *
The Orb Guardian completely misses you. The Orb Guardian hits you!!!
You die...

....................# ##.......)
....................# #........
....................# ##........
..............^.....# #.........
.....)..............# ##.).......
......^)............###..........
#..............X8..###...########
##...........XXXXz##....##
##..........DXX@Xy[..###
▓▓.....##▓▓▓▓▓▓▓▓▓▓▓#
▓▓.......X.{.^...▓▓▓▓
▓▓........{..........▓##
▓.....^......^.........##
......................(.# **▓▓▓**
........................▓**....,,
▓.........^^......{.{.X.▓*.....,,
▓▓.............)........▓......,,


You could see an electric golem, a shadow dragon, a death cob, 8 Orb Guardians
and a ghost moth (invisible).

Vanquished Creatures
  2 orbs of fire
  Mennas (Vaults:4)
  4 ancient liches (Zot:5)
  Sojobo (Crypt:1)
  4 Killer Klowns (Zot:5)
  Vashnia (Snake:2)
  Frederick (Vaults:2)
  Margery (Crypt:1)
  Bai Suzhen (Depths:2)
  A shard shrike (Zot:5)
  5 curse toes
  Saint Roka (Depths:2)
  3 caustic shrikes
  15 golden dragons
  Jorgrun (Elf:1)
  4 electric golems
  30 tentacled monstrosities
  3 quicksilver dragons
  8 liches
  15 Orb Guardians (Zot:5)
  2 deep elf blademasters (Elf:3)
  7 titans
  4 death cobs
  7 acid blobs (Zot:1)
  5 sphinxes
  4 thorn hunters
  An ancient champion (Depths:4)
  10 tengu reavers
  16 storm dragons
  Kirke (Swamp:4)
  10 nagarajas
  6 draconian monks
  A revenant (Crypt:3)
  An azure jelly (shapeshifter) (Vaults:1)
  15 shadow dragons
  4 deep elf sorcerers
  9 frost giants
  14 vault wardens
  4 ghost moths
  An orc warlord (Orc:2)
  13 fire giants
  10 draconian scorchers
  Aizul (Snake:3)
  A ghost moth (shapeshifter) (Vaults:3)
  3 iron dragons
  4 deep elf elementalists
  A caustic shrike zombie (Depths:1)
  9 draconian knights
  4 draconian shifters
  A juggernaut zombie (Crypt:2)
  2 spriggan defenders (Depths:3)
  A curse skull (Crypt:3)
  4 draconian stormcallers
  5 draconian annihilators
  17 ironheart preservers
  2 ghouls (Crypt:1)
  3 war gargoyles (Crypt:3)
  32 very ugly things
  20 stone giants
  8 vampire knights
  12 green draconians
  An entropy weaver (Vaults:5)
  8 deep elf demonologists
  2 grey draconians (Depths:5)
  Azrael (D:14)
  11 deep elf annihilators
  12 purple draconians
  11 red draconians
  11 spark wasps
  19 black draconians
  20 yellow draconians
  The ghost of Kivvusa the Cleaver, a journeyman MiFi of Okawaru (Lair:4)
  A merfolk javelineer (Depths:4)
  8 white draconians
  2 minotaurs (D:14)
  5 eidola
  14 deep elf death magi
  2 large abominations (Elf:3)
  7 ettins
  12 jiangshi
  2 merfolk impalers (Depths:4)
  2 blizzard demons (IceCv)
  7 fire dragons
  A mummy priest (Crypt:3)
  The ghost of emiel the Cleaver, a journeyman FoFi of Okawaru (Lair:4)
  36 vault guards
  15 yaktaur captains
  4 great orbs of eyes
  Erolcha (D:12)
  5 deep elf high priests
  8 spriggan air magi
  12 ice dragons
  4 anacondas
  4 ghost crabs
  5 rakshasas
  A hell beast (Depths:4)
  9 centaur warriors
  5 shambling mangroves
  15 naga warriors
  15 hydras
  2 death knights
  9 ogre magi
  23 dancing weapons
  36 two-headed ogres
  2 tengu warriors (Depths:1)
  9 vampire magi
  11 alligators
  9 deep troll shamans
  7 deep troll earth magi
  14 naga sharpshooters
  4 death yaks (D:14)
  3 spectral storm dragons (Crypt:2)
  An orc high priest (Orc:2)
  7 shock serpents
  7 spriggan berserkers
  9 hell knights
  11 spriggans
  21 deep elf knights
  26 skeletal warriors
  5 iron trolls
  A sea snake (Lair:6)
  5 salamander mystics
  31 deep trolls
  7 flayed ghosts
  3 shadow wraiths
  A storm dragon skeleton (Crypt:2)
  An unseen horror (shapeshifter) (Vaults:5)
  3 spriggan druids
  A golden dragon zombie (Depths:1)
  6 unseen horrors
  20 phantasmal warriors
  3 glowing orange brains
  A wizard (Depths:3)
  9 naga ritualists
  17 swamp dragons
  15 deep elf archers
  Pikel (D:4)
  6 orc knights
  15 ironbrand convokers
  A harpy (shapeshifter) (Vaults:1)
  3 orc sorcerers (Orc:2)
  A tengu zombie (D:15)
  5 harpies (Vaults:4)
  A shadow dragon skeleton (Vaults:3)
  7 necromancers
  A sphinx zombie (Depths:3)
  8 mana vipers
  71 deep elf magi
  2 fire giant zombies
  A mana viper (shapeshifter) (Vaults:5)
  3 spectral fire dragons (Crypt:2)
  A manticore (shapeshifter) (Depths:3)
  2 tengu skeletons (Vaults:3)
  5 wolf spiders
  3 spectral ice dragons (Crypt:2)
  6 oklob plants
  22 salamanders
  A shining eye (shapeshifter) (Vaults:5)
  61 ugly things
  17 cyclopes
  4 manticores
  2 human skeletons (Vaults:3)
  2 sphinx skeletons (Vaults:3)
  2 frost giant skeletons
  2 centaur zombies (D:13)
  10 fire giant skeletons
  3 stone giant skeletons
  An iron dragon skeleton (Crypt:3)
  30 naga magi
  16 vault sentinels
  A guardian serpent (shapeshifter) (Vaults:4)
  24 moths of wrath
  11 apocalypse crabs (Zot:2)
  7 guardian serpents
  2 rust devils
  2 yaktaur zombies
  37 black mambas
  4 gargoyles (Crypt:3)
  2 elephants (Lair:6)
  5 spectral swamp worms (Depths:1)
  3 ice statues
  15 spiny frogs
  A swamp worm zombie (Crypt:2)
  A rime drake (Lair:6)
  A black draconian zombie (Crypt:2)
  An elf skeleton (Depths:3)
  10 komodo dragons
  44 yaktaurs
  An alligator snapping turtle skeleton (Crypt:1)
  A rime drake (shapeshifter) (Vaults:3)
  2 merfolk (shapeshifter) (Vaults:5)
  A redback zombie (D:14)
  7 ice devils (IceCv)
  8 freezing wraiths
  2 yaktaur skeletons (Vaults:4)
  5 anaconda simulacra (IceCv)
  11 trolls
  A red devil (Depths:4)
  A golden dragon simulacrum (IceCv)
  2 hydra zombies (Crypt:3)
  3 tengu conjurers
  A harpy zombie (Crypt:3)
  A death drake zombie (Crypt:2)
  A polar bear (shapeshifter) (Vaults:3)
  2 wind drakes (Lair:6)
  A small abomination (Elf:3)
  21 hornets
  8 tyrant leeches
  Grinder (D:4)
  6 polar bears
  4 bog bodies
  A raiju (shapeshifter) (Vaults:3)
  11 blink frogs
  33 slime creatures
  A tarantella zombie (Crypt:1)
  2 sphinx simulacra
  An ettin zombie (Crypt:3)
  A spriggan zombie (Depths:1)
  11 hippogriffs
  5 dream sheep (Lair:6)
  2 human simulacra (Vaults:4)
  7 shadows
  19 water elementals
  2 redbacks (Vaults:5)
  A spectral black mamba (Lair:3)
  14 wraiths
  3 ettin skeletons (Vaults:3)
  2 ice dragon skeletons (Crypt:3)
  13 flying skulls (Crypt:2)
  7 vampires
  2 dire elephant simulacra (IceCv)
  A redback (shapeshifter) (Vaults:5)
  3 air elementals
  9 fire dragon skeletons
  3 tarantellas (shapeshifter)
  9 wyverns
  49 yaks
  A basilisk (Lair:4)
  A black mamba skeleton (Crypt:2)
  8 hogs
  6 fire bats (D:13)
  6 fire elementals
  A human (D:9)
  21 vampire mosquitoes
  A death yak simulacrum (Lair:3)
  8 hungry ghosts
  Menkaure (D:4)
  A yaktaur simulacrum (Vaults:1)
  4 wargs
  13 swamp worms
  43 nagas
  A torturous demonspawn zombie (Crypt:2)
  2 harpy simulacra (IceCv)
  2 acid dragons
  2 iron troll simulacra (IceCv)
  11 insubstantial wisps
  Edmund (D:4)
  A soldier ant (D:11)
  Duvessa (D:4)
  A floating eye (Depths:3)
  17 water moccasins
  9 porcupines
  A hell hound (D:14)
  4 ice beasts
  19 swamp drakes
  6 sky beasts
  6 hydra simulacra (IceCv)
  3 slaves (D:4)
  An alligator simulacrum (IceCv)
  A black bear (D:11)
  A merfolk skeleton (Crypt:1)
  35 orc warriors
  An ettin simulacrum (IceCv)
  A monstrous demonspawn skeleton (Crypt:2)
  4 boggarts (Depths:4)
  2 eyes of draining
  5 necrophages
  8 wolves
  9 centaurs
  A dream sheep skeleton (Crypt:2)
  28 ogres
  4 phantoms
  A crocodile (shapeshifter) (D:15)
  10 crocodiles
  An elephant skeleton (Crypt:1)
  A big kobold (D:13)
  Blork the orc (D:5)
  28 bullfrogs
  A hippogriff zombie (Crypt:2)
  A nameless horror (Depths:3)
  Dowan (D:4)
  A draconian skeleton (Crypt:1)
  2 glowing shapeshifter simulacra
  A spiny frog simulacrum (Lair:3)
  8 scorpions
  A wyvern skeleton (D:14)
  A troll zombie (Crypt:3)
  A yak zombie (Crypt:1)
  7 killer bees
  A dream sheep simulacrum (Lair:3)
  10 wights
  2 electric eels (D:14)
  6 howler monkeys
  5 crimson imps
  2 draconian simulacra (IceCv)
  A komodo dragon simulacrum (Lair:3)
  4 quasits
  4 bullfrog zombies
  23 jellies
  26 orc priests
  8 hounds
  2 bullfrog skeletons
  3 centaur skeletons
  44 orc wizards
  3 iguanas
  11 worker ants
  Natasha (thrice) (D:4)
  5 troll simulacra (IceCv)
  2 spriggan simulacra (IceCv)
  A polar bear simulacrum (IceCv)
  A killer bee zombie (D:6)
  A bullfrog simulacrum (D:12)
  A centaur simulacrum (IceCv)
  2 worker ant zombies
  10 gnolls (D:14)
  15 adders
  A naga simulacrum (IceCv)
  2 ogre simulacra (IceCv)
  4 shadow imps
  6 white imps (IceCv)
  7 ufetubi (IceCv)
  3 oozes
  3 adder skeletons
  An adder zombie (D:5)
  3 worms (D:2)
  A worm (shapeshifter) (Depths:2)
  5 dart slugs
  7 leopard geckos
  74 orcs
  9 bats
  A bat skeleton (Crypt:1)
  5 giant cockroaches
  A goblin (D:1)
  4 hobgoblins
  4 jackals
  12 kobolds
  6 quokkas
  A ball python (D:4)
  A dart slug zombie (Crypt:1)
  6 frilled lizards
  2 jackal skeletons
  2 leopard gecko skeletons
  3 quokka skeletons
  7 rats
  3 briar patches (Swamp:3)
  A bush (Lair:3)
  A crawling corpse (Elf:3)
  A fungus (Lair:6)
2560 creatures vanquished.

Vanquished Creatures (collateral kills)
  Snorg (Lair:6)
  Josephine (D:10)
  A hydra (Lair:6)
  A centaur warrior (D:12)
  A merfolk avatar (Lair:6)
  An orc high priest (Orc:2)
  A deep troll (Vaults:3)
  2 orc sorcerers (Orc:2)
  2 rime drakes (Lair:6)
  2 polar bears (Lair:6)
  7 dream sheep (Lair:6)
  A yak (Lair:2)
  A wyvern (Lair:6)
  2 wargs (Orc:2)
  A water moccasin (Lair:6)
  2 orc warriors (Orc:2)
  A black bear (shapeshifter) (Vaults:3)
  An ogre (Orc:2)
  3 necrophages (Lair:4)
  A big kobold (D:13)
  An orc priest (Orc:2)
  5 orc wizards (Orc:2)
  2 orcs
  A kobold (D:13)
42 creatures vanquished.

Vanquished Creatures (others)
  2 deep elf master archers (Elf:3)
  4 stone giants
  A spark wasp (Depths:3)
  A yellow draconian (Zot:1)
  2 yaktaur captains
  A centaur warrior (Depths:3)
  A deep elf knight (Elf:1)
  An unseen horror (D:11)
  5 deep elf archers
  A necromancer (Vaults:2)
  2 deep elf magi
  9 yaktaurs
  5 dream sheep (D:5)
  A water elemental (Depths:4)
  A fire elemental (Elf:1)
  A wraith (Crypt:1)
  A swamp worm (Swamp:4)
  A boggart (Depths:4)
  A centaur (Depths:3)
  An orc (Depths:2)
  A briar patch (Swamp:3)
  2 crawling corpses (Elf:3)
  9 fungi
  5 plants
59 creatures vanquished.

Grand Total: 2661 creatures vanquished

Notes
Turn   | Place    | Note
-------+----------+-------------------------------------------
     0 | D:1      | Haldmier the Merfolk Ice Elementalist began the quest for
                  | the Orb.
     0 | D:1      | Reached XP level 1. HP: 13/13 MP: 3/3
   248 | D:1      | Reached XP level 2. HP: 19/19 MP: 1/5
   723 | D:1      | Reached XP level 3. HP: 24/24 MP: 1/6
   916 | D:2      | Reached skill level 5 in Ice Magic
  1636 | D:2      | Reached XP level 4. HP: 30/30 MP: 4/7
  1711 | D:2      | Found a shattered altar of Ashenzari.
  1723 | D:2      | You fall into a shaft and drop 2 floors!
  1733 | D:4      | Noticed Menkaure
  1737 | D:5      | Entered Level 5 of the Dungeon
  2010 | D:4      | Noticed Natasha
  2017 | D:4      | Killed Natasha
  2017 | D:4      | Reached XP level 5. HP: 23/35 MP: 4/8
  2051 | D:4      | Learned a level 3 spell: Ozocubu's Armour
  2055 | D:4      | Learned a level 3 spell: Frozen Ramparts
  2264 | D:4      | Noticed Edmund
  2280 | D:4      | Killed Edmund
  2280 | D:4      | Reached skill level 1 in Fighting
  2280 | D:4      | Reached skill level 1 in Charms
  2280 | D:4      | Reached XP level 6. HP: 30/43 MP: 3/9
  2821 | D:2      | Became a worshipper of Ashenzari the Shackled
  3023 | D:2      | Found a sparkling altar of Nemelex Xobeh.
  3023 | D:2      | Found an opulent altar of Gozag.
  3340 | D:3      | Found a sacrificial altar of Ru.
  3690 | D:4      | Killed Menkaure
  3690 | D:4      | Reached skill level 5 in Dodging
  3747 | D:4      | Noticed Natasha
  3754 | D:4      | Killed Natasha
  3754 | D:4      | Reached XP level 7. HP: 28/49 MP: 5/10
  3950 | D:4      | Noticed Duvessa
  3950 | D:4      | Noticed Dowan
  3961 | D:4      | Killed Duvessa
  3961 | D:4      | Reached skill level 2 in Fighting
  3981 | D:4      | Killed Dowan
  4196 | D:4      | Noticed Grinder
  4197 | D:4      | Noticed Natasha
  4216 | D:4      | Paralysed by Grinder for 3 turns
  4419 | D:4      | Killed Natasha
  4423 | D:4      | Paralysed by Grinder for 4 turns
  4431 | D:4      | Killed Grinder
  4431 | D:4      | Reached skill level 3 in Fighting
  4431 | D:4      | Reached XP level 8. HP: 48/58 MP: 9/12
  4533 | D:4      | Noticed Pikel
  4557 | D:4      | Killed Pikel
  4557 | D:4      | Reached skill level 5 in Stealth
  4701 | D:5      | Reached skill level 4 in Fighting
  4712 | D:5      | Reached XP level 9. HP: 60/66 MP: 4/13
  5015 | D:5      | Found a staircase to the Ecumenical Temple.
  5023 | Temple   | Entered the Ecumenical Temple
  5288 | D:5      | Found a shimmering altar of Xom.
  5808 | D:5      | Noticed Blork the orc
  5872 | D:5      | Killed Blork the orc
  6013 | D:6      | Reached skill level 1 in Shields
  6223 | D:6      | Reached skill level 5 in Fighting
  6236 | D:6      | Reached skill level 10 in Ice Magic
  7100 | D:6      | Reached * piety under Ashenzari
  7636 | D:7      | Reached XP level 10. HP: 76/76 MP: 7/14
  7741 | D:7      | Found a hazy altar of Hepliaklqana.
  7977 | D:7      | Reached skill level 6 in Fighting
  8056 | D:7      | Reached skill level 5 in Shields
  8072 | D:7      | Found a white marble altar of Elyvilon.
  8447 | D:7      | Found a bloodstained altar of Trog.
  8449 | D:7      | Found a glowing golden altar of the Shining One.
  8830 | D:8      | Reached ** piety under Ashenzari
  8832 | D:8      | Found Ehaz's Weapon Boutique.
  8923 | D:8      | Learned a level 4 spell: Summon Ice Beast
  8973 | D:8      | Found an ornate altar of the Wu Jian Council.
  9113 | D:8      | Bought a +1 spear of flaming for 161 gold pieces
  9179 | D:9      | Reached skill level 1 in Polearms
  9194 | D:9      | Reached skill level 1 in Summonings
  9334 | D:9      | Found a staircase to the Orcish Mines.
  9407 | D:9      | Noticed a two-headed ogre
  9437 | D:9      | Killed a two-headed ogre
  9575 | D:9      | Reached XP level 11. HP: 78/83 MP: 15/15
  9837 | D:9      | Reached skill level 7 in Fighting
  9837 | D:9      | Reached skill level 5 in Polearms
 10288 | D:10     | Entered Level 10 of the Dungeon
 10470 | D:10     | Killed an unseen horror
 10532 | D:10     | Found a runed translucent gate.
 10532 | D:10     | Found a runed translucent gate.
 10532 | D:10     | Found a runed translucent gate.
 10533 | D:10     | Noticed pickledwalnut's ghost (journeyman OpTm)
 10534 | D:10     | Noticed a flayed ghost
 10557 | D:10     | Found Judum's Armour Boutique.
 10573 | D:10     | Bought a +1 helmet for 172 gold pieces
 10663 | D:10     | Noticed Sonja
 10752 | D:10     | Noticed a cyclops
 11048 | D:10     | Learned a level 4 spell: Hailstorm
 11078 | D:10     | Noticed Josephine
 11256 | D:10     | Killed Josephine
 11279 | D:10     | Reached skill level 10 in Dodging
 11542 | Orc:1    | Entered Level 1 of the Orcish Mines
 11542 | Orc:1    | Found Oxapn's Gadget Shop.
 11621 | Orc:1    | Reached skill level 1 in Conjurations
 11721 | Orc:1    | Found a dark tunnel.
 11739 | Volcano  | Entered a volcano
 11756 | Volcano  | Noticed a salamander mystic
 11759 | Volcano  | Found a bloodstained altar of Trog.
 11760 | Volcano  | Noticed a hell knight
 11774 | Volcano  | Killed a salamander mystic
 11774 | Volcano  | Reached XP level 12. HP: 65/92 MP: 8/17
 12058 | Volcano  | Reached skill level 8 in Fighting
 12566 | Orc:2    | Entered Level 2 of the Orcish Mines
 12566 | Orc:2    | Reached *** piety under Ashenzari
 12808 | Orc:2    | Found a roughly hewn altar of Beogh.
 12892 | Orc:2    | Noticed an orc warlord
 13143 | Orc:2    | Killed an orc warlord
 13334 | Orc:2    | Noticed an orc high priest
 13348 | Orc:2    | Killed an orc high priest
 13549 | Orc:2    | Found a roughly hewn altar of Beogh.
 13716 | Orc:2    | Reached skill level 10 in Polearms
 13796 | Orc:2    | Reached skill level 5 in Summonings
 13853 | Orc:2    | Reached XP level 13. HP: 99/99 MP: 16/20
 13985 | Orc:2    | Reached skill level 5 in Spellcasting
 14097 | Orc:2    | Found a staircase to the Elven Halls.
 14102 | Orc:2    | Found Qeloro's Book Boutique.
 14102 | Orc:2    | Found Wurutole's Antique Armour Shop.
 14114 | Orc:2    | Found Zato Qol's Antique Armour Boutique.
 14114 | Orc:2    | Found Ruewuig's Antique Weapon Shop.
 14379 | Orc:2    | Bought a scorched helmet for 247 gold pieces
 14379 | Orc:2    | Identified the +2 helmet "Rachoar" {+Blink Str+2 Dex-4}
                  | (You bought it in a shop on level 2 of the Orcish Mines)
 14392 | Orc:2    | Bought a sheer robe for 148 gold pieces
 14402 | Orc:2    | Identified the +2 robe of Doocs {+Fly Int+2 Slay+3} (You
                  | bought it in a shop on level 2 of the Orcish Mines)
 14433 | Orc:2    | Bought a pair of gloves for 117 gold pieces
 14438 | Orc:2    | Identified a scroll of acquirement
 14438 | Orc:2    | Identified the cursed +0 pair of boots of the Other Side
                  | {rPois rCorr Stlth+} (You acquired it on level 2 of the
                  | Orcish Mines)
 15144 | D:11     | Found a staircase to the Lair.
 15169 | Lair:1   | Entered Level 1 of the Lair of Beasts
 15324 | Lair:1   | Reached skill level 9 in Fighting
 15450 | Lair:1   | Reached skill level 10 in Shields
 15581 | Lair:1   | Reached **** piety under Ashenzari
 15726 | Lair:1   | Reached skill level 1 in Evocations
 15881 | Lair:2   | Found a transporter.
 15899 | Lair:2   | Found a transporter.
 15902 | Lair:2   | Noticed Esoasiq's ghost (journeyman DsGl)
 15903 | Lair:2   | Identified the +1 pair of boots "Caroywaer" {*Corrode Str+2
                  | Int+7 SInv}
 17155 | Lair:3   | Found a runed translucent gate.
 17155 | Lair:3   | Found a runed translucent gate.
 17155 | Lair:3   | Found a runed translucent gate.
 17156 | Lair:3   | Noticed Kivvusa's ghost (journeyman MiFi)
 17345 | Lair:3   | Reached ***** piety under Ashenzari
 17367 | Lair:3   | Found a staircase to the Swamp.
 17542 | Lair:3   | Found a blossoming altar of Fedhas.
 18186 | Lair:4   | Reached skill level 10 in Fighting
 18291 | Lair:4   | Found a staircase to the Snake Pit.
 18309 | Lair:4   | Reached XP level 14. HP: 110/110 MP: 14/21
 18483 | Lair:4   | Found a runed translucent gate.
 18484 | Lair:4   | Found a runed translucent gate.
 18484 | Lair:4   | Noticed emiel's ghost (journeyman FoFi)
 18485 | Lair:4   | Found a runed translucent gate.
 19473 | Lair:5   | Found a staircase to the Slime Pits.
 19517 | Lair:5   | Found a radiant altar of Vehumet.
 20044 | Lair:5   | Learned a level 6 spell: Freezing Cloud
 20093 | Lair:6   | Entered Level 6 of the Lair of Beasts
 20199 | Lair:6   | Reached skill level 1 in Air Magic
 21249 | Lair:6   | Reached ****** piety under Ashenzari
 21381 | Lair:6   | Got the uncursed troll leather armour of Faloef {+Inv rPois
                  | MR+ Regen+}
 21406 | Lair:6   | Identified the +2 troll leather armour of Faloef {+Inv
                  | rPois MR+ Regen+} (You found it on level 6 of the Lair of
                  | Beasts)
 21412 | Lair:6   | Got the arbalest of Objectivity {penet, *Drain Int+4}
 21588 | Lair:6   | Noticed Snorg
 21599 | Lair:6   | Killed Snorg
 22017 | Lair:4   | Killed emiel's ghost
 22017 | Lair:4   | Reached skill level 11 in Fighting
 22209 | Lair:4   | Killed Kivvusa's ghost
 22444 | Lair:1   | Identified the cursed +2 cloak of Higeco Neer {rN+} (You
                  | acquired it on level 1 of the Lair of Beasts)
 22448 | Lair:1   | Identified the Almanac of Shape Shifting (You acquired it
                  | on level 1 of the Lair of Beasts)
 22448 | Lair:1   | Identified the cursed ring of Peace {Str+4 Stlth+} (You
                  | acquired it on level 1 of the Lair of Beasts)
 22685 | D:11     | Reached skill level 5 in Conjurations
 22974 | D:11     | Identified the +5 arbalest of Objectivity {penet, *Drain
                  | Int+4} (You found it on level 6 of the Lair of Beasts)
 23378 | D:12     | Reached XP level 15. HP: 113/118 MP: 21/23
 23438 | D:12     | Noticed Erolcha
 23446 | D:12     | Killed Erolcha
 23804 | D:12     | Found Awiskyz's Food Emporium.
 23883 | D:12     | Identified the cursed +3 arbalest "Bepsij" {flame, rElec
                  | rF++ rC- MR+}
 23968 | D:12     | Got the uncursed pair of gloves of Relativism {rElec}
 23983 | D:12     | Identified the +3 pair of gloves of Relativism {rElec} (You
                  | found it on level 12 of the Dungeon)
 24250 | D:13     | Noticed a fire giant
 24251 | D:13     | Found the +7 great mace "Firestarter" {inner flame, rF++}
 24325 | D:13     | Killed a fire giant
 25179 | D:14     | Found a gate to the Vaults.
 25446 | D:14     | Noticed Azrael
 25464 | D:14     | Killed Azrael
 25598 | D:14     | Reached XP level 16. HP: 94/127 MP: 18/26
 25605 | D:14     | Reached skill level 12 in Fighting
 25638 | D:14     | Found the cursed +13 scythe of Curses {drain, *Curse}
 25736 | D:14     | Found a shadowy altar of Dithmenos.
 26011 | D:14     | Identified the +8 quarterstaff "Arbiter" {drain, Stlth+}
 26082 | D:14     | Upgraded the game from 0.25-a0-843-g6944ee31a2 to
                  | 0.25-a0-857-g60a0bcd8b5
 26094 | D:15     | Entered Level 15 of the Dungeon
 26190 | D:15     | Found a staircase to the Depths.
 26208 | D:15     | Reached skill level 5 in Air Magic
 27043 | Swamp:1  | Entered Level 1 of the Swamp
 27223 | Swamp:1  | Reached skill level 15 in Ice Magic
 27352 | Swamp:1  | Reached skill level 15 in Dodging
 28840 | Swamp:3  | Noticed a thorn hunter
 28857 | Swamp:3  | Killed a thorn hunter
 28947 | Swamp:3  | Reached XP level 17. HP: 122/135 MP: 5/27
 29089 | Swamp:3  | Found a frozen archway.
 29111 | IceCv    | Entered an ice cave
 29616 | IceCv    | Reached skill level 13 in Fighting
 29856 | IceCv    | Found the +0 mask of the Dragon {MR+ Slay+3 SInv}
 30881 | Swamp:4  | Entered Level 4 of the Swamp
 31235 | Swamp:4  | Noticed Kirke
 31256 | Swamp:4  | Killed Kirke
 32020 | Swamp:4  | Got a decaying rune of Zot
 32093 | Swamp:4  | Learned a level 2 spell: Blink
 32563 | Orc:2    | Bought a runed tower shield for 195 gold pieces
 32987 | Lair:4   | Identified the Catalogue of Earthen Execration (You
                  | acquired it on level 4 of the Lair of Beasts)
 32990 | Snake:1  | Entered Level 1 of the Snake Pit
 33001 | Snake:1  | Reached XP level 18. HP: 145/145 MP: 25/28
 33151 | Snake:1  | Reached skill level 1 in Translocations
 33606 | Snake:2  | Noticed Vashnia
 33645 | Snake:2  | Killed Vashnia
 33645 | Snake:2  | Reached skill level 14 in Fighting
 34486 | Snake:3  | Noticed Aizul
 34500 | Snake:3  | Killed Aizul
 34757 | Snake:3  | Identified the +2 leather armour "Owahet" {-Tele rElec
                  | Regen+} (You found it on level 14 of the Dungeon)
 34757 | Snake:3  | Identified the +6 scale mail "Ogutac" {+Fly Regen+ Str+2
                  | Slay+2} (You found it on level 6 of the Lair of Beasts)
 34757 | Snake:3  | Identified the cursed +1 leather armour of Disaster {Int+4}
                  | (You found it on level 6 of the Lair of Beasts)
 34788 | Snake:3  | Identified the Collected Works on Companions and Cold (You
                  | acquired it on level 3 of the Snake Pit)
 34899 | Snake:3  | Found a hazy altar of Hepliaklqana.
 35415 | Snake:4  | Entered Level 4 of the Snake Pit
 35484 | Snake:4  | Reached skill level 15 in Fighting
 35534 | Snake:4  | Reached XP level 19. HP: 134/155 MP: 4/29
 36576 | Snake:4  | Got a serpentine rune of Zot
 37388 | Vaults:1 | Entered Level 1 of the Vaults
 37759 | Vaults:1 | Identified the +4 robe of Ehodab Icap {rElec rF+ rN+ Dex-4}
 37859 | Vaults:1 | Reached skill level 16 in Fighting
 37987 | Vaults:1 | Reached XP level 20. HP: 164/164 MP: 30/32
 37994 | Vaults:1 | Learned a level 5 spell: Aura of Abjuration
 38000 | Vaults:1 | Learned a level 5 spell: Silence
 38136 | Vaults:1 | Reached skill level 1 in Hexes
 38464 | Vaults:1 | Found a runed translucent gate.
 38464 | Vaults:1 | Found a runed translucent gate.
 38464 | Vaults:1 | Found a runed translucent gate.
 38464 | Vaults:1 | Identified the cursed +0 plate armour "Ukyizxut" {rC+
                  | Int+3}
 38466 | Vaults:1 | Noticed Pofumik's ghost (veteran MiFi)
 38467 | Vaults:1 | Found a roughly hewn altar of Beogh.
 38666 | Vaults:1 | Reached XP level 21. HP: 171/171 MP: 34/34
 38902 | Vaults:1 | Identified the +5 double sword of Conflict {vorpal, MR+
                  | Dex+6}
 38902 | Vaults:1 | Identified the +6 chain mail of Darkness {MR+}
 39383 | Vaults:2 | Noticed Frederick
 40066 | Vaults:2 | Found Buuteuh's Jewellery Boutique.
 40218 | Vaults:2 | Bought the ring of the Original Sin {rF+ rC+} for 507 gold
                  | pieces
 40226 | Vaults:2 | Bought the ring of the Mage {Wiz MR++ Int+3} for 672 gold
                  | pieces
 40226 | Vaults:2 | Found the ring of the Mage {Wiz MR++ Int+3}
 40227 | Vaults:2 | Bought the amulet of Gozag's Inspiration {Reflect *Drain
                  | rF- rN++ Int+4 SH+4} for 523 gold pieces
 40528 | Vaults:2 | Killed Frederick
 40662 | Vaults:3 | Reached skill level 10 in Spellcasting
 40738 | Vaults:3 | Found Ypruine's Armour Boutique.
 40821 | Vaults:3 | Found Nupiph's Antique Armour Shop.
 40830 | Vaults:3 | Bought a glowing scarf for 216 gold pieces
 40832 | Vaults:3 | Bought a fabulously ornate robe for 153 gold pieces
 40832 | Vaults:3 | Identified the cursed +1 robe "Put-Me-On" {MR- Str-3 Int+5
                  | Dex+2} (You bought it in a shop on level 3 of the Vaults)
 41247 | Vaults:3 | Reached skill level 17 in Fighting
 41337 | Vaults:3 | Found Rooxzan's Jewellery Boutique.
 41375 | Vaults:3 | Found Feotischu's General Store.
 41406 | Vaults:3 | Found Ketsain's Magic Scroll Emporium.
 41411 | Vaults:3 | Bought a scroll of teleportation for 51 gold pieces
 41418 | Vaults:3 | Bought a scroll of enchant weapon for 135 gold pieces
 41418 | Vaults:3 | Bought a scroll of remove curse for 54 gold pieces
 41418 | Vaults:3 | Bought a scroll of fear for 63 gold pieces
 41556 | Vaults:3 | Reached XP level 22. HP: 147/181 MP: 23/36
 41999 | Vaults:3 | Found a staircase to the Crypt.
 42719 | Depths:1 | Entered Level 1 of the Depths
 42935 | Depths:1 | Identified the cursed +0 hand crossbow "Yvoun" {elec, rF+}
 43206 | Depths:1 | Found a gateway to a ziggurat.
 43413 | Depths:1 | Reached skill level 18 in Fighting
 43487 | Depths:1 | Found a gateway to Hell.
 44112 | Depths:2 | Noticed Bai Suzhen
 44145 | Depths:2 | Killed Bai Suzhen
 44159 | Depths:2 | Noticed a golden dragon
 44173 | Depths:2 | Killed a golden dragon
 44472 | Depths:2 | Noticed a golden dragon
 44673 | Depths:2 | Killed a golden dragon
 44738 | Depths:2 | Noticed Saint Roka
 44738 | Depths:2 | Identified the +2 robe "Garisup" {*Contam Str+8 Int-4
                  | Dex+7}
 44773 | Depths:2 | Reached XP level 23. HP: 120/192 MP: 23/37
 44793 | Depths:2 | Killed Saint Roka
 44980 | Depths:2 | Found an iron altar of Okawaru.
 45116 | Depths:2 | Found a one-way gate to the infinite horrors of the Abyss.
 45339 | Depths:2 | Found Onaib's Weapon Shoppe.
 45862 | Depths:3 | Found a one-way gate leading to the halls of Pandemonium.
 45929 | Depths:3 | Paralysed by a floating eye for 3 turns
 46298 | Depths:3 | Reached skill level 19 in Fighting
 47667 | Depths:3 | Identified the amulet "Ynedui" {Gourm Str+5}
 47667 | Depths:3 | Noticed a golden dragon
 47667 | Depths:3 | Noticed a golden dragon
 47667 | Depths:3 | Noticed a caustic shrike
 47671 | Depths:3 | Identified the amulet of Botit {+Rage Dex+2}
 47671 | Depths:3 | Noticed a caustic shrike
 47673 | Depths:3 | Noticed a caustic shrike
 48062 | Depths:4 | Noticed a golden dragon
 48075 | Depths:4 | Killed a golden dragon
 48162 | Depths:4 | Found a corrupted altar of Lugonu.
 48302 | Depths:4 | Reached XP level 24. HP: 96/203 MP: 37/37
 49175 | Depths:4 | Reached skill level 20 in Fighting
 49501 | Depths:4 | Identified the Guide on the Ghastly Arsonist
 49714 | Depths:4 | Killed a caustic shrike
 50361 | Depths:3 | Killed a caustic shrike
 50530 | Depths:3 | Killed a caustic shrike
 50745 | Depths:5 | Entered Level 5 of the Depths
 51401 | Depths:5 | Reached XP level 25. HP: 204/213 MP: 33/37
 51690 | Depths:5 | Found a gate to the Realm of Zot.
 51785 | Depths:5 | Reached skill level 21 in Fighting
 52375 | Depths:5 | Found Xocwahiu's Weapon Shoppe.
 53070 | Crypt:1  | Entered Level 1 of the Crypt
 53100 | Crypt:1  | Noticed Sojobo
 53124 | Crypt:1  | Killed Sojobo
 53309 | Crypt:1  | Noticed Margery
 53320 | Crypt:1  | Killed Margery
 53469 | Crypt:1  | Identified the cursed amulet "Nof Hocs" {Spirit rC- MR+
                  | Int+5} (You acquired it on level 1 of the Crypt)
 53469 | Crypt:1  | Identified the Papyrus of Harmful Cold (You acquired it on
                  | level 1 of the Crypt)
 54402 | Crypt:2  | Reached skill level 22 in Fighting
 54909 | Crypt:3  | Entered Level 3 of the Crypt
 55726 | Crypt:3  | Learned a level 8 spell: Necromutation
 55740 | Crypt:3  | Found a staircase to the Tomb.
 55742 | Crypt:3  | Identified the +2 hunting sling of Day {flame, rPois rF-
                  | rC+ MP+9}
 55792 | Crypt:3  | Reached skill level 1 in Transmutations
 56007 | Crypt:3  | Reached skill level 1 in Necromancy
 56007 | Crypt:3  | Reached XP level 26. HP: 226/226 MP: 37/37
 56378 | Crypt:3  | Found an ancient bone altar of Kikubaaqudgha.
 56413 | Crypt:3  | Identified the +8 morningstar of the Candle {speed, MP+9
                  | SInv}
 57122 | Elf:1    | Entered Level 1 of the Elven Halls
 57532 | Elf:1    | Identified the Compendium of Calling
 57789 | Elf:1    | Reached skill level 5 in Transmutations
 57811 | Elf:1    | Noticed Jorgrun
 57823 | Elf:1    | Killed Jorgrun
 58505 | Elf:2    | Found a huge runed translucent gate.
 58505 | Elf:2    | Found a huge runed translucent gate.
 58510 | Elf:2    | Found a huge runed translucent gate.
 58511 | Elf:2    | Found a huge runed translucent gate.
 58511 | Elf:2    | Found a huge runed translucent gate.
 59435 | Elf:3    | Entered Level 3 of the Elven Halls
 59858 | Elf:3    | Reached skill level 23 in Fighting
 59906 | Elf:3    | Reached skill level 5 in Necromancy
 60361 | Elf:3    | Found Serint's Magic Scroll Shop.
 60364 | Elf:3    | Bought a scroll of enchant weapon for 142 gold pieces
 60364 | Elf:3    | Bought a scroll of fear for 66 gold pieces
 60364 | Elf:3    | Bought a scroll of enchant armour for 142 gold pieces
 60555 | Elf:3    | Identified the +9 spear "Uzin" {vorpal, SInv}
 60653 | Elf:3    | Identified the ring of Imuyweiss {rElec rPois rF+ MR+
                  | Stlth-}
 60673 | Elf:3    | Identified the +7 hand crossbow of Ashenzari's Hope
                  | {vorpal, rC+}
 60673 | Elf:3    | Found the +18 shield of the Gong {rElec rN+ MR+ EV-5}
 60674 | Elf:3    | Identified the +5 scimitar "Xineit" {protect, rC+ MR+
                  | Str-5}
 60674 | Elf:3    | Identified the +7 hunting sling "Uggunk" {venom, Fragile
                  | rF+ Str+2}
 60677 | Elf:3    | Identified the cursed +0 chain mail of Gluttony {-Cast
                  | Str+3 Slay+2}
 60677 | Elf:3    | Identified the ring "Fuudiqoi" {rCorr Int+3}
 60706 | Elf:3    | Identified The Lost Catalogue of Sif Muna
 61251 | Vaults:3 | Bought the +3 pair of gauntlets of War {Slay+5} for 1282
                  | gold pieces
 61251 | Vaults:3 | Found the +3 pair of gauntlets of War {Slay+5}
 61309 | Vaults:4 | Noticed Mennas
 61336 | Vaults:4 | Killed Mennas
 61379 | Vaults:4 | Reached XP level 27. HP: 146/235 MP: 37/37
 61457 | Vaults:4 | Identified the ring of Vofa {Str+4 Dex-4 Stlth+}
 61488 | Vaults:4 | Reached skill level 10 in Transmutations
 61650 | Vaults:4 | Found a portal to a secret trove of treasure.
 61838 | Vaults:4 | Identified the cursed +1 demon blade of Cowardice {freeze,
                  | SInv}
 62080 | Vaults:4 | Found Ceed's Antique Armour Emporium.
 62102 | Vaults:4 | Bought a shiny helmet for 217 gold pieces
 62102 | Vaults:4 | Bought an embroidered scarf for 232 gold pieces
 62469 | Vaults:5 | Entered Level 5 of the Vaults
 63285 | Vaults:5 | Identified the ring "Uffi Jeacweh" {rElec rN+ Int+3 Dex+3}
 63449 | Vaults:5 | Identified the +3 glaive of Income {flame, *Noise +Blink
                  | Str+3}
 64017 | Vaults:5 | Identified the amulet of Anarchy {Harm *Drain rC+ MR+
                  | Dex-5}
 64429 | Vaults:5 | Identified the +6 falchion of Gozag's Pride {vorpal, *Drain
                  | rF+ rC++ Dex+9}
 64831 | Vaults:5 | Identified the cursed +3 arbalest of Distant Shores
                  | {vorpal, rElec rPois Dex-4}
 65244 | Vaults:4 | Reached skill level 24 in Fighting
 66086 | Vaults:5 | Gained mutation: You are dopey. (Int -2) [a shining eye]
 66087 | Vaults:5 | Gained mutation: You are very dopey. (Int -4) [a shining
                  | eye]
 66243 | Vaults:5 | Identified the +7 war axe "Beetleslayer" {vorpal, rPois rF-
                  | rC+ Int+3}
 66614 | Vaults:5 | Identified the +1 hand axe "Sobloem" {flame, rPois Dex+3
                  | SInv}
 66615 | Vaults:5 | Identified the +1 robe of Narcissism {rN+ rCorr}
 67051 | Vaults:5 | Got a silver rune of Zot
 67547 | Zot:1    | Entered Level 1 of the Realm of Zot
 68061 | Zot:1    | Upgraded the game from 0.25-a0-857-g60a0bcd8b5 to
                  | 0.25-a0-860-gf695395b5c
 68585 | Zot:1    | Reached skill level 10 in Necromancy
 68693 | Zot:1    | Reached skill level 15 in Transmutations
 69935 | Zot:1    | Reached skill level 25 in Fighting
 74412 | Zot:3    | Reached skill level 26 in Fighting
 74840 | Zot:4    | Noticed an orb of fire
 74855 | Zot:4    | Gained mutation: Your body sometimes deteriorates upon
                  | taking damage. [an orb of fire]
 74857 | Zot:4    | Gained mutation: You occasionally shout uncontrollably at
                  | your foes. [an orb of fire]
 75009 | Zot:3    | Gained mutation: You are weak. (Str -2) [an orb of fire]
 75013 | Zot:3    | Killed an orb of fire
 76086 | Zot:4    | Identified the +3 plate armour of the Comet {MR+ Dex+3}
 76279 | Zot:5    | Entered Level 5 of the Realm of Zot
 77019 | Zot:5    | Noticed an ancient lich
 77520 | Zot:5    | Noticed an ancient lich
 77527 | Zot:5    | Noticed an orb of fire
 77537 | Zot:5    | Killed an ancient lich
 77553 | Zot:5    | Gained mutation: Potions are less effective at restoring
                  | your health. [an orb of fire]
 77560 | Zot:5    | Gained mutation: You are frail. (-10% HP) [an orb of fire]
 77568 | Zot:5    | Killed an orb of fire
 77906 | Zot:5    | Noticed an orb of fire
 78027 | Zot:5    | Gained mutation: You are occasionally teleported next to
                  | monsters. [mutagenic glow]
 78041 | Zot:5    | Noticed an ancient lich
 78049 | Zot:5    | Gained mutation: You sometimes yell uncontrollably at your
                  | foes. [mutagenic glow]
 78099 | Zot:4    | Gained mutation: You tend to lose your temper in combat.
                  | [mutagenic glow]
 78361 | Zot:4    | Lost mutation: Potions are less effective at restoring your
                  | health. [potion of mutation]
 78361 | Zot:4    | Lost mutation: You are frail. (-10% HP) [potion of
                  | mutation]
 78361 | Zot:4    | Gained mutation: You are very weak. (Str -4) [potion of
                  | mutation]
 78361 | Zot:4    | Gained mutation: You are partially covered in yellow
                  | scales. (AC +2) [potion of mutation]
 78362 | Zot:4    | Lost mutation: You are very weak. (Str -4) [potion of
                  | mutation]
 78362 | Zot:4    | Lost mutation: You sometimes yell uncontrollably at your
                  | foes. [potion of mutation]
 78362 | Zot:4    | Lost mutation: Your body sometimes deteriorates upon taking
                  | damage. [potion of mutation]
 78362 | Zot:4    | Lost mutation: You tend to lose your temper in combat.
                  | [potion of mutation]
 78362 | Zot:4    | Lost mutation: You occasionally shout uncontrollably at
                  | your foes. [potion of mutation]
 78362 | Zot:4    | Gained mutation: You are surrounded by a mild repulsion
                  | field. (EV +2) [potion of mutation]
 78363 | Zot:4    | Lost mutation: You are surrounded by a mild repulsion
                  | field. (EV +2) [potion of mutation]
 78363 | Zot:4    | Lost mutation: You are weak. (Str -2) [potion of mutation]
 78363 | Zot:4    | Lost mutation: You are partially covered in yellow scales.
                  | (AC +2) [potion of mutation]
 78363 | Zot:4    | Gained mutation: You have a pair of small horns on your
                  | head. [potion of mutation]
 78364 | Zot:4    | Lost mutation: You have a pair of small horns on your head.
                  | [potion of mutation]
 78364 | Zot:4    | Lost mutation: You are occasionally teleported next to
                  | monsters. [potion of mutation]
 78364 | Zot:4    | Lost mutation: You are very dopey. (Int -4) [potion of
                  | mutation]
 78364 | Zot:4    | Gained mutation: You are weak. (Str -2) [potion of
                  | mutation]
 78364 | Zot:4    | Gained mutation: Your spells are a little easier to cast,
                  | but a little less powerful. [potion of mutation]
 78364 | Zot:4    | Gained mutation: Your flesh is heat resistant. (rF+)
                  | [potion of mutation]
 78408 | Zot:5    | Killed an ancient lich
 78564 | Zot:5    | Noticed an ancient lich
 78595 | Zot:5    | Killed an ancient lich
 78595 | Zot:5    | Reached skill level 27 in Fighting
 78803 | Zot:5    | Killed an ancient lich
 79103 | Zot:5    | Reached skill level 15 in Necromancy
 79189 | Zot:5    | Mangled by an Orb Guardian

Levels and vault maps discovered:
D:1:      ncdulo_halloftheorcs, layout_basic, corexii_leaking_fountain
D:2:      layout_loops_ring, nicolae_overflow_hidden_temple,
          grunt_temple_overflow_opulence, first_ration
D:3:      layout_loops_ring, hangedman_decor_growths,
          nicolae_ru_sacrificial_ziggurat
D:4:      layout_loops_ring, minmay_fractal_squares_gapless_5, uniq_duvessa,
          uniq_edmund, uniq_grinder, uniq_natasha, uniq_pikel, uniq_menkaure
D:5:      layout_layer_cave, kb_xom_exploding_sheep,
          minmay_temple_entry_glassed_door, hangedman_decor_peaks_small,
          uniq_blork_the_orc
D:6:      minmay_diamond_boxcup, layout_gridville, mrwooster_statue_mirror,
          kennysheep_generic_room_11
D:7:      layout_loops_cross, nicolae_overflow_crystal_walls, minitemple,
          serial_bayou_pond_a, minmay_misc_feat_nine_boxes, elyvilon_altar_3
D:8:      layout_cave_pools, lemuel_coloured_pillars_altar, serial_shops,
          nicolae_shop_crystal
D:9:      layout_long_grid, orc_0_dummy, grunt_livestock
D:10:     layout_roguey, gammafunk_ghost_split, serial_shops, shop, uniq_sonja,
          uniq_josephine
D:11:     minmay_ornate_pinched, layout_irregular_city,
          grunt_lair_entry_orc_guard_hut
D:12:     minmay_the_grid_triangle_9x9_rhombus_full_mashed
          [minmay_the_grid_triangle_9x9_windchime,
          minmay_the_grid_triangle_9x9_empty,
          minmay_the_grid_triangle_9x9_skeleton,
          minmay_the_grid_triangle_9x9_semitri,
          minmay_the_grid_triangle_9x9_corrupted_corridor,
          minmay_the_grid_triangle_9x9_alien,
          minmay_the_grid_triangle_9x9_odd_lines,
          minmay_the_grid_triangle_9x9_prize_schism], layout_long_grid,
          serial_shops, kennysheep_little_box, uniq_erolcha
D:13:     minmay_firetagon, layout_rooms
D:14:     fort_yaktaur, layout_basic, lightli_vaults_fourway_checkpoint,
          grunt_dithmenos_smoke, uniq_azrael
D:15:     gammafunk_depths_entry_grave, layout_loops_ring
Temple:   eino_temple_lava
Lair:1:   layout_chaotic_city
Lair:2:   layout_hall_layers, gammafunk_ghost_berserking_beasts
Lair:3:   layout_roguey, minmay_swamp_entry_wisps, gammafunk_ghost_necromancy,
          tgw_fedhas
Lair:4:   layout_layer_cave, guppyfry_snake_entry_garden, serial_rivers,
          chequers_serial_rivers_micro_e, chequers_serial_rivers_micro_d,
          chequers_serial_rivers_micro_b, chequers_serial_rivers_micro_b,
          chequers_serial_rivers_micro_e, gammafunk_ghost_hydra_chop,
          roderic_carrion_pond
Lair:5:   layout_loops_ring, nicolae_slime_entry_slimehenge, basic_altar,
          st_stairs_6, beast_lair_carwin_2
Lair:6:   gammafunk_lair_ancient_temple, layout_layer_cave, uniq_snorg
Swamp:1:  layout_falls_marsh, evilmike_swamp_ruin_house_2
Swamp:2:  layout_falls_marsh, evilmike_swamp_ruin_wall, swamp_pool1,
          infiniplex_staircase_pool
Swamp:3:  layout_basic_swamp, portal_ice_cave_entry_ice_statue_two,
          hangedman_swamp_pad
Swamp:4:  swamp, layout_basic_swamp, swamp_pool5, uniq_kirke
Snake:1:  layout_cave_shapes, abandoned_shop, grunt_ministairs_3
Snake:2:  layout_misc_corridors, uniq_vashnia
Snake:3:  nrook_guardian_serpent_snake_passage, layout_misc_corridors,
          basic_altar, drop_trap, st_stairs_7, grunt_megastairs_3, uniq_aizul
Snake:4:  snake_pit, layout_onion, nicolae_snake_single_loop
Orc:1:    layout_caves, nicolae_volcano_entry_lava_flow, serial_shops, shop
Orc:2:    st_orc_mages, layout_diamond_mine, basic_altar,
          nicolae_orc_lost_temple
Elf:1:    minmay_elf_arrival_summoners, layout_loops_corners,
          hangedman_elven_crosses_minicolossus, minmay_elf_demonology,
          uniq_jorgrun
Elf:2:    layout_geoelf_diagonals
Elf:3:    grunt_elf_hall_asides, layout_geoelf_grid, serial_shops,
          nicolae_shop_behind_doors
Vaults:1: biasface_vaults_ghost_orc_armoury, nicolae_vaults_triangles,
          hangedman_vaults_hard_town_square, nicolae_vaults_little_squares_4,
          grunt_vaults_trifunnel, vaults_dpeg_diagonal,
          nicolae_vaults_rhombus_6, ontoclasm_vaults_chip,
          layout_vaults_quadrants
Vaults:2: nicolae_vaults_windows_and_doors_thing, ontoclasm_vaults_hangar,
          v_misc_27, dpeg_vaults_monster_row, vaults_standard_mumra_x,
          nicolae_vaults_mini_display_case, nicolae_vaults_shelves_hall,
          hangedman_vaults_impose, v_misc_22, hangedman_vaults_cutoff,
          grunt_vaults_hallway_short, ontoclasm_vaults_decontamination,
          v_misc_16, nicolae_vaults_c_with_doors, layout_vaults_omnibox,
          serial_shops, shop, uniq_frederick
Vaults:3: v_alt_pattern_1, minmay_crypt_entry_skeletal_spiral,
          hangedman_vaults_variations, v_misc_19, ontoclasm_vaults_pinch,
          v_misc_24, ontoclasm_vaults_shout, v_rooms_1, v_rooms_4,
          nicolae_vaults_specimen_jars, grunt_vaults_funnel, vaults_mumra_hex,
          v_misc_11, layout_vaults_omnicross, serial_shops, shop, shop, shop,
          nicolae_shop_statue_plus, shop
Vaults:4: nicolae_vaults_an_arrangement, grunt_vaults_hallway_short,
          nicolae_vaults_circle_grid_b, nicolae_vaults_rhombus_6,
          nicolae_vaults_ring_of_whatevers, grunt_vaults_swirl, v_alt_pattern_2,
          serial_ice_h, nicolae_vaults_little_squares_3, hangedman_vaults_slice,
          nicolae_vaults_rhombus_6, layout_vaults_big_room, serial_shops, shop,
          nicolae_trove_entry_crossroad, uniq_mennas
Vaults:5
Crypt:1:  layout_rooms, grunt_crypt_arrival_webbed, grunt_megastairs_4,
          uniq_margery, uniq_sojobo
Crypt:2:  layout_basic, weyrava_ghost_lake
Crypt:3:  quadcrypt_mu
Depths:1: minmay_glassy_protrusions, layout_basic, enter_ziggurat_e,
          pf_hell_entry_tar_river, minmay_misc_feat_secret_circle,
          glass_columns_c, chequers_serial_rivers_micro_b,
          kennysheep_generic_room_12
Depths:2: minmay_dotted_concentric_squares, layout_long_grid,
          okawaru_ov_weapons_minmay, hell_entry, serial_shops, shop,
          abyss_entry, minmay_staircase_windowed_small, uniq_saint_roka,
          uniq_bai_suzhen
Depths:3: grunt_runaround [grunt_runaround_doors_1, grunt_runaround_doors_2,
          grunt_runaround_doors_3, grunt_runaround_doors_4,
          grunt_runaround_loot], hell_entry, pan_entry, abyss_entry
Depths:4: kennysheep_four_of_diamonds, layout_gridlike, abyss_entry_flame_altar,
          grunt_mini_vestibule, minmay_misc_feat_ornament
Depths:5: evilmike_zot_entry_gauntlet, layout_basic, grunt_hell_entry_dis_old,
          chequers_serial_rivers_micro_a, serial_shops, nicolae_shop_waterfront,
          chequers_big_river
Zot:1:    lemuel_acid_trip, layout_onion
Zot:2:    gammafunk_mikee_crab_dinner, layout_twisted_circle
Zot:3:    layout_basic, st_stairs_3
Zot:4:    layout_onion_interference
Zot:5:    layout_cathedral_of_symmetry

Skill      XL: |  1  2  3  4  5  6  7  8  9 10 11 12 13 14 15 16 17 18 19 20 21 22 23 24 25 26 27 |
---------------+----------------------------------------------------------------------------------+-----
Dodging        | 3 4 5 6 8 9 10 12 13 14 15 16 17 18 19 20 21 22 24 | 24.0
Ice Magic      | 5 6 7 9 10 11 12 13 14 15 16 17 18 20 21 22 23 24 25 | 25.0
Stealth        | 3 4 5 |  5.5
Fighting       | 1 3 4 5 6 7 8 10 11 12 13 15 16 17 18 19 20 22 23 27 | 27.0
Charms         | 1 2 3 4 |  4.1
Spellcasting   | 3 4 5 7 8 9 10 | 10.0
Shields        | 4 6 7 9 10 11 12 | 12.3
Polearms       | 4 7 10 11 | 11.2
Summonings     | 1 3 5 8 |  8.0
Conjurations   | 1 2 3 5 6 7 8 9 |  9.1
Evocations     | 2 |  2.5
Air Magic      | 2 4 5 6 |  6.9
Translocations | 2 |  2.5
Hexes          | 2 4 |  4.1
Transmutations | 1 9 21 | 21.5
Necromancy     | 1 6 15 | 15.0

Action                   |  1- 3 |  4- 6 |  7- 9 | 10-12 | 13-15 | 16-18 | 19-21 | 22-24 | 25-27 || total
-------------------------+-------+-------+-------+-------+-------+-------+-------+-------+-------++-------
Melee: Unarmed           |     1 |       |       |       |       |       |       |       |    16 ||    17
       Short sword       |     4 |    11 |       |       |       |       |       |       |       ||    15
       Flail             |       |    26 |   175 |   111 |       |       |       |       |       ||   312
       Spear             |       |       |       |   559 |  1091 |       |       |       |       ||  1650
       Staff             |       |       |       |     1 |       |       |       |       |       ||     1
       Demon trident     |       |       |       |       |   567 |  1680 |   933 |  1824 |  4659 ||  9663
       Tailslap          |       |       |       |       |    11 |    43 |       |     1 |    22 ||    77
Throw: Stone             |       |       |     3 |       |       |       |       |       |       ||     3
       Boomerang         |       |       |     2 |    19 |    56 |    54 |     5 |    10 |    43 ||   189
 Cast: Freeze            |    46 |    52 |    40 |    88 |    27 |       |       |       |       ||   253
       Frozen Ramparts   |       |     1 |    23 |    76 |   113 |     8 |       |       |    44 ||   265
       Ozocubu's Armour  |       |       |     1 |    26 |    32 |    37 |    14 |    27 |    29 ||   166
       Summon Ice Beast  |       |       |       |    14 |    44 |     2 |     4 |     4 |     7 ||    75
       Hailstorm         |       |       |       |       |     6 |     1 |     1 |       |     1 ||     9
       Freezing Cloud    |       |       |       |       |     4 |    28 |    29 |    40 |    32 ||   133
       Aura of Abjuratio |       |       |       |       |       |       |     1 |     8 |    14 ||    23
       Blink             |       |       |       |       |       |       |       |       |     1 ||     1
       Silence           |       |       |       |       |       |       |       |       |     4 ||     4
Invok: Curse Item        |       |       |       |     1 |     3 |     3 |     2 |     2 |     3 ||    14
       Scrying           |       |       |       |     2 |       |     2 |       |     1 |       ||     5
Evoke: Wand              |       |       |       |     2 |       |     1 |       |       |       ||     3
  Use: Scroll            |       |     4 |     3 |    12 |    15 |     7 |     5 |     3 |    13 ||    62
       Potion            |       |       |       |     2 |     1 |       |     1 |     1 |    11 ||    16
 Stab: Sleeping          |     3 |    11 |     7 |     7 |    20 |    25 |    16 |    27 |    75 ||   191
       Distracted        |       |       |       |     2 |     4 |     4 |     4 |     4 |    15 ||    33
       Confused          |       |       |       |       |       |       |       |       |     2 ||     2
  Eat: Chunk             |     3 |     4 |     7 |    31 |    50 |    22 |    24 |    29 |    61 ||   231
       Ration            |       |     1 |     2 |     1 |     1 |     7 |     2 |     5 |    13 ||    32
Armor: Robe              |     5 |     9 |    24 |    33 |    87 |       |       |       |       ||   158
       Troll leather arm |       |       |       |    46 |   100 |   282 |    46 |   100 |   324 ||   898
Dodge: Dodged            |    13 |    55 |   119 |   293 |   520 |   703 |   321 |   833 |  2224 ||  5081
Block: Kite shield       |       |       |    58 |   290 |   548 |   639 |   310 |   970 |  2559 ||  5374
       Reflection        |       |       |       |       |       |       |     7 |    52 |   116 ||   175
       Other             |       |       |       |       |       |       |       |       |     1 ||     1

Table legend:
 A = Non-vault XP
 B = Vault XP
 C = Vault XP percentage of total XP
 D = Non-vault monster count
 E = Vault monster count
 F = Vault count percentage of total count
                 A         B        C        D         E       F
            +---------+---------+-------+---------+---------+-------
      Total |  907035 |  961137 |  51.4 |    1496 |    1131 |  43.1
            +---------+---------+-------+---------+---------+-------
        D:1 |      34 |       0 |   0.0 |      15 |       0 |   0.0
        D:2 |      63 |       0 |   0.0 |      16 |       0 |   0.0
        D:3 |      44 |       0 |   0.0 |      19 |       0 |   0.0
        D:4 |     247 |    1589 |  86.5 |      14 |      10 |  41.7
        D:5 |     715 |      99 |  12.2 |      20 |       1 |   4.8
        D:6 |     918 |     411 |  30.9 |      25 |       7 |  21.9
        D:7 |    2514 |       0 |   0.0 |      41 |       0 |   0.0
        D:8 |     270 |       0 |   0.0 |       4 |       0 |   0.0
        D:9 |    3623 |     961 |  21.0 |      35 |       5 |  12.5
       D:10 |    4198 |    1409 |  25.1 |      34 |       5 |  12.8
       D:11 |    3453 |    4731 |  57.8 |      29 |      17 |  37.0
       D:12 |    5674 |    7030 |  55.3 |      26 |      22 |  45.8
       D:13 |    6447 |    2443 |  27.5 |      31 |       7 |  18.4
       D:14 |   11063 |   19737 |  64.1 |      46 |      53 |  53.5
       D:15 |    7026 |    4748 |  40.3 |      17 |       8 |  32.0
     Lair:1 |    2573 |       0 |   0.0 |      13 |       0 |   0.0
     Lair:2 |    3544 |       0 |   0.0 |      16 |       0 |   0.0
     Lair:3 |    6044 |    1790 |  22.8 |      29 |      11 |  27.5
     Lair:4 |    2977 |    4593 |  60.7 |      13 |      13 |  50.0
     Lair:5 |    3346 |     647 |  16.2 |      15 |       6 |  28.6
     Lair:6 |    6448 |    9104 |  58.5 |      30 |      27 |  47.4
    Swamp:1 |    8834 |       0 |   0.0 |      24 |       0 |   0.0
    Swamp:2 |   19979 |       0 |   0.0 |      39 |       0 |   0.0
    Swamp:3 |   23830 |    4250 |  15.1 |      50 |       6 |  10.7
    Swamp:4 |   10617 |   16165 |  60.4 |      24 |      29 |  54.7
    Snake:1 |    9117 |     577 |   6.0 |      19 |       1 |   5.0
    Snake:2 |   13500 |    9587 |  41.5 |      32 |       6 |  15.8
    Snake:3 |   23352 |    9797 |  29.6 |      36 |      19 |  34.5
    Snake:4 |   23230 |   33110 |  58.8 |      43 |      46 |  51.7
      Orc:1 |    2798 |       0 |   0.0 |      33 |       0 |   0.0
      Orc:2 |    5835 |    4880 |  45.5 |      33 |      45 |  57.7
      Elf:1 |   14738 |   21473 |  59.3 |      25 |      29 |  53.7
      Elf:2 |    4609 |   20356 |  81.5 |       8 |      26 |  76.5
      Elf:3 |   20301 |   40299 |  66.5 |      33 |      29 |  46.8
   Vaults:1 |   20474 |   20312 |  49.8 |      32 |      31 |  49.2
   Vaults:2 |   26130 |   32068 |  55.1 |      38 |      33 |  46.5
   Vaults:3 |   35169 |   44221 |  55.7 |      43 |      61 |  58.7
   Vaults:4 |   30047 |   82794 |  73.4 |      54 |      65 |  54.6
   Vaults:5 |   24441 |   64786 |  72.6 |      28 |      45 |  61.6
    Crypt:1 |   13478 |   25267 |  65.2 |      23 |      19 |  45.2
    Crypt:2 |   33049 |   14339 |  30.3 |      44 |      30 |  40.5
    Crypt:3 |       0 |   52983 | 100.0 |       0 |      81 | 100.0
   Depths:1 |   32797 |    8048 |  19.7 |      42 |      11 |  20.8
   Depths:2 |   26311 |   36128 |  57.9 |      30 |      24 |  44.4
   Depths:3 |       0 |  111352 | 100.0 |       0 |      97 | 100.0
   Depths:4 |   35562 |   36908 |  50.9 |      47 |      28 |  37.3
   Depths:5 |   48878 |   24413 |  33.3 |      47 |      21 |  30.9
      Zot:1 |   75791 |   45105 |  37.3 |      45 |      48 |  51.6
      Zot:2 |   69501 |   18782 |  21.3 |      38 |      14 |  26.9
      Zot:3 |   67994 |    4287 |   5.9 |      30 |       2 |   6.2
      Zot:4 |   59882 |       0 |   0.0 |      35 |       0 |   0.0
      Zot:5 |   55570 |  104188 |  65.2 |      33 |      25 |  43.1
      IceCv |       0 |   10737 | 100.0 |       0 |      60 | 100.0
    Volcano |       0 |    4633 | 100.0 |       0 |       8 | 100.0
            +---------+---------+-------+---------+---------+-------
